 Dungeon Crawl Stone Soup version 0.22.0-38-g04b72b8 (webtiles) character file.

355 ubloh the Bolt Thrower (level 6, 0/52 HPs)
             Began as a Minotaur Hunter on Aug 31, 2018.
             Was an Initiate of Okawaru.
             Slain by Natasha (1 damage)
             ... on level 3 of the Dungeon.
             The game lasted 00:10:55 (2537 turns).

ubloh the Bolt Thrower (Minotaur Hunter)            Turns: 2537, Time: 00:10:56

Health: 0/52       AC: 10    Str: 17    XL:     6   Next: 36%
Magic:  5/5        EV:  8    Int:  8    God:    Okawaru [......]
Gold:   123        SH:  0    Dex: 12    Spells: 5/5 levels left

rFire    . . .     SeeInvis .   a - +1 hand crossbow
rCold    . . .     Gourm    .   (no shield)
rNeg     . . .     Faith    .   r - +0 chain mail
rPois    .         Spirit   .   (helmet restricted)
rElec    .         Reflect  .   (no cloak)
rCorr    .         Harm     .   h - +0 pair of gloves
MR       .....                  (no boots)
Stlth    ..........             (no amulet)
HPRegen  0.17/turn              (no ring)
MPRegen  0.09/turn              (no ring)

@: slowed, very slow
A: retaliatory headbutt, horns 2
a: Renounce Religion


You were on level 3 of the Dungeon.
You worshipped Okawaru.
Okawaru was noncommittal.
You were not hungry.

You visited 1 branch of the dungeon, and saw 3 of its levels.

You collected 123 gold pieces.

Inventory:

Hand Weapons
 a - a +1 hand crossbow (weapon)
 b - a +0 short sword
Missiles
 d - 52 bolts (quivered)
Armour
 h - a +0 pair of gloves (worn)
 r - a +0 chain mail (worn)
Wands
 q - a wand of paralysis (3)
Scrolls
 e - a scroll of enchant weapon {unknown}
 g - a scroll of enchant armour {unknown}
 i - a scroll of amnesia {unknown}
 k - 4 scrolls of remove curse {unknown}
 l - a scroll of identify {unknown}
 o - a scroll of teleportation {unknown}
Potions
 c - 2 potions of berserk rage {unknown}
 j - a potion of ambrosia {unknown}
 m - 2 potions of agility {unknown}
 p - a potion of curing {unknown}
Comestibles
 f - 6 rations
 n - 10 chunks of flesh


   Skills:
 + Level 4.2 Fighting
 * Level 6.3 Crossbows
 + Level 3.1 Armour
 + Level 3.8 Dodging
 - Level 0.7 Stealth
 + Level 0.2 Invocations


You had 5 spell levels left.
You didn't know any spells.
Your spell library was empty.

Dungeon Overview and Level Annotations

Branches:
Dungeon (3/15)

Altars:
Elyvilon
Fedhas
Okawaru
The Shining One

Annotations:
D:3 Natasha


Innate Abilities, Weirdness & Mutations

You reflexively headbutt those who attack you in melee.
You have a pair of horns on your head.


Message History

You shoot a bolt. The bolt barely misses Natasha.
Natasha claws you but does no damage.
Natasha zaps a wand.
The puff of flame hits you!
Firing (i - inventory)
d - 54 bolts (quivered)
Press: ? - help, Shift-Dir - straight line, f/p - Natasha
Aim: Natasha, carrying a wand of flame (34) (severely wounded)
You shoot a bolt. The bolt hits Natasha.
Natasha is almost dead.
Natasha zaps a wand.
The puff of flame hits you!
* * * LOW HITPOINT WARNING * * *
Natasha zaps a wand.
The puff of flame hits you!
* * * LOW HITPOINT WARNING * * *
Firing (i - inventory)
d - 53 bolts (quivered)
Press: ? - help, Shift-Dir - straight line, f/p - Natasha
Aim: Natasha, carrying a wand of flame (32) (almost dead)
You shoot a bolt.
The bolt hits Natasha but does no damage.
Natasha is almost dead.
Natasha claws you.
You die...

......#
#.####......≈≈≈...♣...≈≈
#######
#.####...........♣♣♣....
#.#.............♣♣ ♣♣...
.#.##..####..#♣♣ ♣♣♣.
#.##..####..# ♣♣
#..#.........
#.###.###### #.# ##%.#
## #.#@# #..#h# #.#.#.#
#......# #. ....#
#.##.#.# # #.... #.#(#


You could see Natasha.

Vanquished Creatures
  Sigmund (D:3)
  Ijyb (D:3)
  Terence (D:3)
  Natasha (D:3)
  7 adders
  2 worms (D:2)
  4 leopard geckos
  An orc (D:3)
  2 giant cockroaches (D:3)
  4 goblins
  7 hobgoblins
  5 kobolds
  A quokka (D:3)
  7 bats
  6 frilled lizards
  5 rats
55 creatures vanquished.

Notes
Turn   | Place    | Note
-------+----------+-------------------------------------------
     0 | D:1      | ubloh the Minotaur Hunter began the quest for the Orb.
     0 | D:1      | Reached XP level 1. HP: 18/18 MP: 0/0
   176 | D:1      | Reached XP level 2. HP: 20/25 MP: 1/1
   540 | D:1      | Found a glowing golden altar of the Shining One.
   714 | D:1      | Reached skill level 1 in Armour
   894 | D:2      | Reached XP level 3. HP: 27/30 MP: 2/2
  1079 | D:2      | Reached skill level 5 in Crossbows
  1538 | D:2      | Reached XP level 4. HP: 31/38 MP: 3/3
  1865 | D:3      | Noticed Sigmund
  1870 | D:3      | Noticed Ijyb
  1874 | D:3      | Killed Sigmund
  1874 | D:3      | Reached skill level 6 in Crossbows
  1874 | D:3      | Reached XP level 5. HP: 41/46 MP: 4/4
  1878 | D:3      | Paralysed by Ijyb for 6 turns
  1887 | D:3      | Killed Ijyb
  1887 | D:3      | Reached XP level 6. HP: 36/52 MP: 5/5
  2026 | D:3      | Found an iron altar of Okawaru.
  2028 | D:3      | Noticed Natasha
  2048 | D:3      | Killed Natasha
  2070 | D:3      | Became a worshipper of Warmaster Okawaru
  2145 | D:3      | Found a blossoming altar of Fedhas.
  2295 | D:3      | Noticed Terence
  2305 | D:3      | Killed Terence
  2380 | D:3      | Found a white marble altar of Elyvilon.
  2514 | D:3      | Noticed Natasha
  2536 | D:3      | HP: 1/52 [Natasha/wand of flame (33) (13)]
  2537 | D:3      | Slain by Natasha

Skill      XL: |  1  2  3  4  5  6 |
---------------+-------------------+-----
Armour         | 1 2 3 |  3.1
Fighting       | 3 4 |  4.2
Crossbows      | 5 6 |  6.3
Dodging        | 3 |  3.8
Stealth        | |  0.7
Invocations    | |  0.2

Action                   |  1- 3 |  4- 6 || total
-------------------------+-------+-------++-------
Melee: Short sword       |    90 |    53 ||   143
       Headbutt          |     7 |     5 ||    12
 Fire: Hand crossbow     |     3 |    38 ||    41
  Eat: Chunk             |     1 |     4 ||     5
Armor: Leather armour    |     3 |       ||     3
       Ring mail         |    25 |    11 ||    36
       Chain mail        |       |    24 ||    24
Dodge: Dodged            |    51 |    43 ||    94
